 Dungeon Crawl Stone Soup version 0.24-a0-271-ga0fc33f (webtiles) character file.

Game seed: 15072575736622761657

507 MisterFreud the Slasher (level 7, -5/45 HPs)
             Began as an Octopode Gladiator on Apr 23, 2019.
             Slain by Edmund
             ... wielding a +2 dire flail of protection
              (7 damage)
             ... on level 4 of the Dungeon.
             The game lasted 00:04:54 (3344 turns).

MisterFreud the Slasher (Octopode Gladiator)        Turns: 3344, Time: 00:04:55

Health: -5/45      AC:  1    Str: 14    XL:     7   Next: 18%
Magic:  7/7        EV: 15    Int: 12    God:
Gold:   184        SH:  0    Dex: 13    Spells: 6/6 levels left

rFire    + . .     SeeInvis .   a - +0 long sword
rCold    . . .     Gourm    .   (no shield)
rNeg     . . .     Faith    +   b - +0 hat
rPois    .         Spirit   .   j - amulet of faith
rElec    .         Reflect  .   u - ring of protection from fire
rCorr    .         Harm     .   (no ring)
MR       .....                  (no ring)
Stlth    +++.......             (no ring)
HPRegen  0.15/turn              (no ring)
MPRegen  0.10/turn              (no ring)
                                (no ring)
                                (no ring)

@: hasted, very quick
A: almost no armour, stealthy swim, amphibious, 8 rings, constrict 8, camouflage
1, gelatinous body 1
a: no special abilities


You were on level 4 of the Dungeon.
You were not hungry.

You visited 1 branch of the dungeon, and saw 4 of its levels.

You collected 184 gold pieces.

Inventory:

Hand Weapons
 a - a +0 long sword (weapon)
 x - a +0 falchion of holy wrath
Missiles
 c - 5 throwing nets (quivered)
 g - 24 sling bullets
 k - 48 stones
 m - 20 poisoned needles
 n - 37 arrows
Armour
 b - a +0 hat (worn)
Jewellery
 j - an amulet of faith (around mantle)
 u - a ring of protection from fire (left tentacle)
Scrolls
 i - a scroll of enchant weapon {unknown}
 l - 2 scrolls of identify {unknown}
 o - 3 scrolls of magic mapping {unknown}
 p - 2 scrolls of remove curse {unknown}
 r - a scroll of enchant armour {unknown}
 s - 3 scrolls of teleportation {unknown}
 v - a scroll of immolation {unknown}
Potions
 e - a potion of haste
 f - a potion of lignification {unknown}
 h - 2 potions of might {unknown}
 q - a potion of cancellation {unknown}
 t - a potion of mutation {unknown}
 w - a potion of berserk rage {unknown}
Comestibles
 d - 9 rations
 z - 3 chunks of flesh


   Skills:
 - Level 2.0 Fighting
 - Level 6.9 Long Blades
 - Level 2.0 Throwing
 + Level 4.0 Dodging
 + Level 3.5 Stealth


You had 6 spell levels left.
You didn't know any spells.
Your spell library was empty.

Dungeon Overview and Level Annotations

Branches:
Dungeon (4/15)
 Temple: D:4-7

Altars:
Dithmenos
Fedhas
Okawaru
Qazlal
Ru
Xom

Annotations:
D:4 Edmund, Menkaure


Innate Abilities, Weirdness & Mutations

You cannot wear most types of armour.
You are very stealthy in the water. (Stealth+)
You are amphibious.
You can wear up to eight rings at the same time.
You can use your tentacles to constrict eight enemies at once.
Your skin changes colour to match your surroundings (Stealth+).
Your rubbery body absorbs attacks. (AC +1, EV +1)


Message History

The orc enters a dispersal trap!
Menkaure blinks! x4; Edmund blinks!
Menkaure blinks!
You blink.
Menkaure barely misses you.
You hit Menkaure. You grab Menkaure.
Menkaure is lightly damaged.
You constrict Menkaure. Menkaure misses you.
You hit Menkaure.
Menkaure is heavily damaged.
You constrict Menkaure.
Menkaure calls on the powers of darkness!
Your body is wracked with pain!
* * * LOW HITPOINT WARNING * * *
Edmund convulses!
Edmund hits you with a +2 dire flail of protection!
* * * LOW HITPOINT WARNING * * *
It was a potion of haste.
You feel yourself speed up.
You constrict Menkaure. Menkaure closely misses you.
You riposte.
You hit Menkaure but do no damage.
Menkaure is severely damaged.
Edmund hits you with a +2 dire flail of protection!
You die...

#####......##
.......÷....#
#####.......# # #
#.......#.##.#
####.##..#....
######..(........ #
#......##.##..###
#..#..§..###.#.....##..
#....@§..##M@........#
#.#
#........o.@....#.####
#.#
..........^####.#.#.#
#.+ ..#.#.....##
#.#.#.# #.# . # ##...##
#.#...# #.# ##.##
#.##..# #.# #.# #.##..#
#.# #.# #.##..# ###.#
.. ..####.##..# #>...


You could see Edmund, Menkaure and an orc.

Vanquished Creatures
  Eustachio (D:4)
  A phantom (D:4)
  A hound (D:4)
  2 orc wizards (D:4)
  A worker ant (D:4)
  7 adders
  An ooze (D:2)
  An adder skeleton (D:4)
  4 worms
  3 dart slugs
  3 leopard geckos
  3 orcs (D:4)
  11 bats
  3 giant cockroaches
  4 goblins
  7 hobgoblins
  7 jackals
  2 quokkas
  3 frilled lizards
  8 kobolds
  6 rats
79 creatures vanquished.

Notes
Turn   | Place    | Note
-------+----------+-------------------------------------------
     0 | D:1      | MisterFreud the Octopode Gladiator began the quest for the
                  | Orb.
     0 | D:1      | Reached XP level 1. HP: 14/14 MP: 1/1
   133 | D:1      | Reached XP level 2. HP: 19/19 MP: 2/2
   244 | D:1      | Reached skill level 4 in Long Blades
   296 | D:1      | Reached XP level 3. HP: 22/24 MP: 3/3
  1070 | D:2      | Found a shadowy altar of Dithmenos.
  1172 | D:2      | Reached XP level 4. HP: 22/29 MP: 4/4
  1290 | D:2      | Reached skill level 5 in Long Blades
  1734 | D:2      | Found an iron altar of Okawaru.
  1826 | D:2      | Found a snail-covered altar of Cheibriados.
  1828 | D:2      | Found a stormy altar of Qazlal.
  1828 | D:2      | Found a blossoming altar of Fedhas.
  1830 | D:2      | Found a blossoming altar of Fedhas.
  1830 | D:2      | Found a shattered altar of Ashenzari.
  1830 | D:2      | Found a shimmering altar of Xom.
  2114 | D:3      | Found a sacrificial altar of Ru.
  2175 | D:3      | Reached XP level 5. HP: 34/34 MP: 5/5
  2551 | D:4      | Noticed a phantom
  2687 | D:4      | Noticed Eustachio
  2729 | D:4      | Killed Eustachio
  2729 | D:4      | Reached skill level 6 in Long Blades
  2729 | D:4      | Reached XP level 6. HP: 14/39 MP: 6/6
  2964 | D:4      | Reached skill level 1 in Stealth
  2988 | D:4      | Killed a phantom
  2988 | D:4      | Reached XP level 7. HP: 8/45 MP: 7/7
  3323 | D:4      | Noticed Edmund
  3325 | D:4      | Noticed Menkaure
  3343 | D:4      | HP: 1/45 [Edmund/+2 dire flail of protection (12)]
  3344 | D:4      | Slain by Edmund

Levels and vault maps discovered:
D:1:      sevenhm_arrival_forest_fort_small_3, layout_loops_ring
D:2:      layout_loops_ring, grunt_dithmenos_smoke, okawaru_metal_pillars_1_2,
          doesnt_xom_only_xom
D:3:      layout_loops_ring, nicolae_overflow_hidden_temple,
          hangedman_glass_teeth
D:4:      layout_loops_ring, kennysheep_little_box, serial_rivers,
          chequers_serial_rivers_micro_e, chequers_serial_rivers_micro_a,
          chequers_serial_rivers_micro_c, chequers_serial_rivers_small_a,
          first_ration, uniq_eustachio, uniq_menkaure, uniq_edmund

Skill      XL: |  1  2  3  4  5  6  7 |
---------------+----------------------+-----
Long Blades    | 4 5 6 |  6.9
Stealth        | 2 3 |  3.5
Dodging        | 4 |  4.0
Fighting       | |  2.0
Throwing       | |  2.0

Action                   |  1- 3 |  4- 6 |  7- 9 || total
-------------------------+-------+-------+-------++-------
Melee: Long sword        |    56 |    88 |    11 ||   155
       Constrict         |    15 |    22 |     5 ||    42
       Tentacles         |     7 |    27 |     3 ||    37
  Use: Potion            |       |     2 |     1 ||     3
 Stab: Sleeping          |     6 |    12 |     1 ||    19
  Eat: Chunk             |     1 |     5 |     2 ||     8
Armor: Skin              |     3 |     9 |       ||    12
Dodge: Dodged            |    28 |    55 |     9 ||    92
       Rpst.: Long sword |    10 |    21 |     6 ||    37

Table legend:
 A = Non-vault XP
 B = Vault XP
 C = Vault XP percentage of total XP
 D = Non-vault monster count
 E = Vault monster count
 F = Vault count percentage of total count
                 A         B        C        D         E       F
            +---------+---------+-------+---------+---------+-------
      Total |     517 |     208 |  28.7 |      78 |       1 |   1.3
            +---------+---------+-------+---------+---------+-------
        D:1 |      58 |       0 |   0.0 |      31 |       0 |   0.0
        D:2 |      64 |       0 |   0.0 |      14 |       0 |   0.0
        D:3 |      73 |       0 |   0.0 |      18 |       0 |   0.0
        D:4 |     322 |     208 |  39.2 |      15 |       1 |   6.2
            +---------+---------+-------+---------+---------+-------
